 Dungeon Crawl Stone Soup version 0.23-a0-32-g1388f29 (webtiles) character file.

65 Amnesiac the Magician (level 3, -3/24 HPs)
             Began as a Mummy Earth Elementalist on Aug 4, 2018.
             Slain by a worker ant (6 damage)
             ... on level 4 of the Dungeon.
             The game lasted 00:01:52 (909 turns).

Amnesiac the Magician (Mummy Earth Elementalist)     Turns: 909, Time: 00:01:52

Health: -3/24      AC:  3    Str: 11    XL:     3   Next: 92%
Magic:  2/8        EV: 11    Int: 15    God:
Gold:   8          SH:  0    Dex: 12    Spells: 3/9 levels left

rFire    x . .     SeeInvis .   a - +0 trident
rCold    + . .     Gourm    .   (no shield)
rNeg     + + +     Faith    .   d - +0 leather armour
rPois    ∞         Spirit   .   (no helmet)
rElec    .         Reflect  .   (no cloak)
rCorr    .         Harm     .   (no gloves)
MR       .....                  (no boots)
Stlth    +.........             (no amulet)
HPRegen  0.08/turn              (no ring)
MPRegen  0.11/turn              (no ring)

@: very slightly contaminated
A: no food or potions, fire vulnerability, cold resistance 1, negative energy
resistance 3, torment resistance, unbreathing
a: no special abilities


You were on level 4 of the Dungeon.
You were not hungry.

You visited 1 branch of the dungeon, and saw 5 of its levels.

You collected 8 gold pieces.

Inventory:

Hand Weapons
 a - a +0 trident (weapon)
Missiles
 b - 33 stones (quivered)
Armour
 c - a +0 robe
 d - a +0 leather armour (worn)
Jewellery
 f - an uncursed ring of flight {unknown}
Scrolls
 e - a scroll of identify {!r, unknown}


   Skills:
 - Level 1.5 Dodging
 - Level 1.5 Stealth
 + Level 3.6 Spellcasting
 - Level 0.7 Transmutations
 * Level 3.6 Earth Magic


You had 3 spell levels left.
You knew the following spells:

 Your Spells              Type           Power        Failure   Level  Hunger
a - Sandblast             Erth           ##....       5%          1    N/A
b - Passwall              Tmut/Erth      #.......     16%         2    N/A
c - Stone Arrow           Conj/Erth      #.....       34%         3    N/A

Your spell library contained the following spells:

 Spells                   Type           Power        Failure   Level  Hunger
 Lee's Rapid Deconstruct  Erth           ##........   83%         5    N/A
 Petrify                  Tmut/Erth      #.......     69%         4    N/A

Dungeon Overview and Level Annotations

Branches:
Dungeon (5/15)
 Temple: D:4-7

Altars:
Fedhas
Qazlal
The Shining One

Annotations:
D:4 exclusion: scorpion


Innate Abilities, Weirdness & Mutations

You do not eat or drink.
Your flesh is vulnerable to fire.
You are immune to poison.
Your flesh is cold resistant. (rC+)
You are immune to negative energy. (rN+++)
You are immune to unholy pain and torment.
You can survive without breathing.


Message History

You start resting.
Magic restored.
You see here a quokka corpse.
HP restored.
f - a blackened emerald ring A worker ant comes into view.
The worker ant twitches its antennae in your direction.
Found a stone staircase leading up.
A worker ant is nearby!
Casting: Sandblast (safe; 5% risk of failure)
Confirm with . or Enter, or press ? or * to list all spells.
Aiming: Sandblast (safe; 5% risk of failure)
Press: ? - help, Shift-Dir - straight line, f - worker ant
Aim: a worker ant The blast of sand misses the worker ant.
b - 37 stones The worker ant bites you.
Casting: Sandblast (safe; 5% risk of failure)
Confirm with . or Enter, or press ? or * to list all spells.
Aiming: Sandblast (safe; 5% risk of failure)
Press: ? - help, Shift-Dir - straight line, f/p - worker ant
Aim: a worker ant The blast of sand hits the worker ant.
b - 36 stones The worker ant bites you.
Casting: Sandblast (safe; 5% risk of failure)
Confirm with . or Enter, or press ? or * to list all spells.
Aiming: Sandblast (safe; 5% risk of failure)
Press: ? - help, Shift-Dir - straight line, f/p - worker ant
Aim: a worker ant The blast of sand hits the worker ant.
The worker ant is moderately wounded.
b - 35 stones The worker ant bites you.
* * * LOW HITPOINT WARNING * * *
Casting: Sandblast (safe; 5% risk of failure)
Confirm with . or Enter, or press ? or * to list all spells.
Aiming: Sandblast (safe; 5% risk of failure)
Press: ? - help, Shift-Dir - straight line, f/p - worker ant
Aim: a worker ant (moderately wounded)
The blast of sand hits the worker ant.
The worker ant is almost dead.
b - 34 stones The worker ant bites you.
* * * LOW HITPOINT WARNING * * *
Casting: Sandblast (safe; 5% risk of failure)
Confirm with . or Enter, or press ? or * to list all spells.
Aiming: Sandblast (safe; 5% risk of failure)
Press: ? - help, Shift-Dir - straight line, f/p - worker ant
Aim: a worker ant (almost dead)
You miscast Sandblast.
You are very lightly contaminated with residual magic.
You momentarily stiffen.
The worker ant bites you.
* * * LOW HITPOINT WARNING * * *
Casting: Sandblast (safe; 5% risk of failure)
Confirm with . or Enter, or press ? or * to list all spells.
Aiming: Sandblast (safe; 5% risk of failure)
Press: ? - help, Shift-Dir - straight line, f/p - worker ant
Aim: a worker ant (almost dead)
The blast of sand hits the worker ant.
The worker ant is almost dead.
b - 33 stones The worker ant bites you.
You die...

...#
##.##..####.##
..###..#.#.#
#.#
#.#.#.##.##.#
#.#
#....###.##.#
#.#
###.###.##.##.#
#.# ...
#.......# #.#
#.###.##.####
#.### #...###.#
#.... ##@## #.#
#####
#.......a.<..#
...
#..####.######
..# #.# # ..#
#.# # ..# ... #
..# ..# ### ..#
### #..
..########
###..


You could see a worker ant.

Vanquished Creatures
  A centaur skeleton (D:4)
  A worker ant (D:4)
  A ball python (D:4)
  3 goblins (D:2)
  2 jackals (D:4)
  A quokka (D:4)
  A frilled lizard (D:2)
  3 rats (D:2)
13 creatures vanquished.

Notes
Turn   | Place    | Note
-------+----------+-------------------------------------------
     0 | D:1      | Amnesiac the Mummy Earth Elementalist began the quest for the Orb.
     0 | D:1      | Reached XP level 1. HP: 13/13 MP: 4/4
   358 | D:4      | Found a glowing golden altar of the Shining One.
   361 | D:4      | Noticed a scorpion
   361 | D:4      | Noticed a phantom
   555 | D:5      | Entered Level 5 of the Dungeon
   580 | D:4      | Reached XP level 2. HP: 19/19 MP: 3/5
   584 | D:4      | Learned a level 2 spell: Passwall
   697 | D:4      | Found a stormy altar of Qazlal.
   716 | D:4      | Found a blossoming altar of Fedhas.
   729 | D:4      | Reached XP level 3. HP: 23/24 MP: 1/7
   734 | D:4      | Learned a level 3 spell: Stone Arrow
   909 | D:4      | Slain by a worker ant

Vault maps used:
D:1:      minmay_arrival_jagged, corexii_hall_statues_x
D:2:      minmay_wonky_spiral, lightli_temple_of_fire
D:3:      columned_hall_lemuel
D:4:      kennysheep_little_box, grunt_qazlal_clouds, lemuel_round_altar,
          first_ration, okawaru_gym_becter
D:5:      lemuel_doored_altar, hex_tiny

Skill      XL: |  1  2 |
---------------+-------+-----
Spellcasting   | 3 |  3.6
Earth Magic    | 3 |  3.6
Dodging        | |  1.5
Stealth        | |  1.5
Transmutations | |  0.7

Action                   || total
-------------------------++-------
Melee: Short sword       ||    15
       Trident           ||    17
 Cast: Sandblast         ||    15
Armor: Leather armour    ||     8
Dodge: Dodged            ||    27

Table legend:
 A = Spawn XP
 B = Non-spawn XP
 C = Spawn XP percentage of total XP
 D = Spawn monster count
 E = Non-spawn monster count
 F = Spawn count percentage of total count
 G = Total turns spent on level
                    A         B        C        D         E        F      G
               +---------+---------+-------+---------+---------+-------+---------
         Total |       0 |      93 |   0.0 |       0 |      13 |   0.0 |   909
               +---------+---------+-------+---------+---------+-------+---------
           D:2 |       0 |      10 |   0.0 |       0 |       7 |   0.0 |   274
           D:4 |       0 |      83 |   0.0 |       0 |       6 |   0.0 |   505
               +---------+---------+-------+---------+---------+-------+---------
